[Event "Early-Titled-Tuesday-Blitz-January-23-2024"]
[Site "Chess.com"]
[Date "2024.01.23"]
[Round "4"]
[White "Piotrek1979"]
[Black "HATilay"]
[Result "0-1"]
[WhiteElo "2398"]
[BlackElo "2586"]
[TimeControl "180+1"]
[EndTime "8:38:21 PST"]
[Termination "HATilay won by resignation"]

1. c4 e5 2. d3 Nf6 3. Nf3 Nc6 4. a3 d5 5. cxd5 Nxd5 6. e3 Be7 7.
b4 O-O 8. Bb2 Bf6 9. Qc2 Re8 10.
Be2 a5 11. b5 Na7 12. Nbd2 Nxb5 13. d4 exd4 14. Bxb5 dxe3 15. Bxe8 exd2+ 16. Qxd2 Qxe8+ 17. Kd1 Bf5 18. Nd4 Qa4+ 19. Kc1 Bg6 20. Re1 c5 21. Nc2 Bxb2+ 22. Kxb2 c4 23. Kc1 c3 24. Qe2 h6 25.
Rd1 Re8 26. Ne3 Nxe3 27. fxe3 Rxe3 28. Qf2 Qe4 29. a4 Re2 30. Rd8+ Kh7 31. Qxe2 Qxe2 0-1

[Event "Early-Titled-Tuesday-Blitz-January-23-2024"]
[Site "Chess.com"]
[Date "2024.01.23"]
[Round "4"]
[White "NastyaHn"]
[Black "vova-79"]
[Result "0-1"]
[WhiteElo "2361"]
[BlackElo "2564"]
[TimeControl "180+1"]
[EndTime "8:38:22 PST"]
[Termination "vova-79 won by resignation"]

1. Nc3 d5 2. e4 c6 3. d4 dxe4 4. Nxe4 Bf5 5. Ng3 Bg6 6. N1e2 e6 7. Nf4 Bd6 8. h4 Qc7 9. Qf3 Bxc2 10. Bc4 Nf6 11. Bd2 O-O 12. Rc1 Bf5 13. Nxf5 exf5 14. O-O Nbd7 15. h5 h6 16. Nh3 Ne4 17. Be3 Nb6 18. Bd3 Qd7 19. Bxe4 fxe4 20. Qxe4 Rfe8 21. Qf3 Nd5 22. Rfe1 Re6 23. Qg4 Kf8 24. Qf3 Rae8 25. Bd2 Rxe1+ 26. Rxe1 Rxe1+ 27. Bxe1 Qe6 28. Bd2 Nf6 29. Nf4 Qxa2 30. Bc3 Qb1+ 31. Kh2 Qf5 32. g3 Bxf4 33. Qxf4 Qxf4 34. gxf4 Nxh5 35. Bb4+ Ke8 36. Bd6 Nf6 37. Be5 Ke7 38. Kg3 g6 39. Kf3 Nd5 40. Bg7 h5 41. Be5 Ke6 42. Ke4 a5 43. Bb8 a4 44.
Kd3 b5 45. Ke4 b4 46. Kd3 Kf5 47. f3 h4 48. Kc4 h3 0-1

[Event "Early-Titled-Tuesday-Blitz-January-23-2024"]
[Site "Chess.com"]
[Date "2024.01.23"]
[Round "4"]
[White "yobdc"]
[Black "Roosters19"]
[Result "1-0"]
[WhiteElo "2527"]
[BlackElo "2324"]
[TimeControl "180+1"]
[EndTime "8:38:22 PST"]
[Termination "yobdc won by resignation"]

1. Nf3 c5 2. g3 Nc6 3. Bg2 g6 4. O-O Bg7 5. d3 Nf6 6. e4 O-O 7. Nbd2 d5 8. c3 h6 9. Re1 Be6 10. e5 Nd7 11. d4 Qb6 12. Nf1 Rac8 13. Rb1 Bf5 14. Ra1 cxd4 15. Nxd4 Nxd4 16. cxd4 e6 17. Ne3 Be4 18. f3 Bf5 19. g4 f6 20. gxf5 gxf5 21.
exf6 Bxf6 22. Nc2 Kh7 23. Kh1 Rg8 24. Bf4 Qxb2 25. Re2 Qb6 26. Rb1 Qc6 27. Qd2 Rg6 28. Nb4 Qc4 29. Rxe6 Rcg8 30. Bg3 a5 31. Nc2 Nf8 32.
Rxb7+ Kh8 33. Rxf6 Rxf6 34. Be5 Rg6 35. Rf7 Nh7 36.
Qxa5 Qxc2 37. Qd8+ Rg8 38. Bxf6+ Nxf6 39. Qxf6+ 1-0

[Event "Early-Titled-Tuesday-Blitz-January-23-2024"]
[Site "Chess.com"]
[Date "2024.01.23"]
[Round "4"]
[White "cthake"]
[Black "DeArron_Fox"]
[Result "0-1"]
[WhiteElo "1848"]
[BlackElo "2462"]
[TimeControl "180+1"]
[EndTime "8:38:23 PST"]
[Termination "DeArron_Fox won on time"]

1. e4 c5 2. Nf3 e6 3. d4 cxd4 4.
Nxd4 a6 5. c4 Nf6 6. Nc3 Qc7 7.
Be3 b6 8. Be2 Bb7 9. f3 Be7 10.
O-O O-O 11. Rc1 d6 12. Qd2 Nbd7 13. b4 Rac8 14. a4 Qb8 15. Nc2 Ne5 16. Qd4 Rfd8 17. Rfd1 d5 18. cxd5 exd5 19. Qxb6 dxe4 20. Rxd8+ Bxd8 21. Qd4 exf3 22. Bf1 fxg2 23. Bxg2 Neg4 24. Bf4 Bc7 25.
Bxb7 Qxb7 26. Bxc7 Qxc7 27. Qd2 Qxc3 28. Qxc3 Rxc3 29.
h3 Ne3 30. Rd1 Nxd1 0-1

[Event "Early-Titled-Tuesday-Blitz-January-23-2024"]
[Site "Chess.com"]
[Date "2024.01.23"]
[Round "4"]
[White "snowlord"]
[Black "Sibelephant"]
[Result "0-1"]
[WhiteElo "2867"]
[BlackElo "3083"]
[TimeControl "180+1"]
[EndTime "8:38:24 PST"]
[Termination "Sibelephant won on time"]

1. d4 Nf6 2. c4 e6 3. Bf4 Bb4+ 4. Nd2 c5 5. dxc5 Bxc5 6. e3 O-O 7. Ngf3 b6 8. Qc2 Bb7 9. Bd3 Nc6 10. a3 Be7 11.
O-O-O d5 12. Kb1 Rc8 13. h4 Qe8 14. Qa4 a6 15. cxd5 b5 16. Qb3 Na5 17. Qa2 Bxd5 18. b3 Rc3 19. Bc2 Qa8 20. Be5 Rcc8 21. Qb2 Nc6 22.
Rc1 Nxe5 23. Nxe5 Rfd8 24. Ndf3 Ne4 25. Ng5 Nd2+ 26. Ka1 Rxc2 27. Qxc2 Nxb3+ 28. Kb1 f5 29. Rhd1 Nxc1 30. Rxc1 Bxa3 0-1

[Event "Early-Titled-Tuesday-Blitz-January-23-2024"]
[Site "Chess.com"]
[Date "2024.01.23"]
[Round "4"]
[White "shimastream"]
[Black "only_strong_moves"]
[Result "1-0"]
[WhiteElo "3018"]
[BlackElo "2613"]
[TimeControl "180+1"]
[EndTime "8:38:24 PST"]
[Termination "shimastream won by checkmate"]

1. e4 c5 2. Nf3 Nc6 3. Bc4 e6 4. O-O a6 5. Re1 d6 6. c3 Nge7 7. Bb3 Ng6 8. d4 cxd4 9. cxd4 Be7 10. Nc3 O-O 11. g3 b5 12. h4 Na5 13. Bc2 Bb7 14. h5 Nh8 15. Qd3 Rc8 16. a3 f5 17. exf5 exf5 18.
d5 g6 19. Nd4 Qd7 20. Ne6 Rf7 21. b3 Bf6 22. Bd2 Re7 23. Rac1 Nf7 24. f4 Bxc3 25. Bxc3 Bxd5 26. Qxd5 Rxc3 27. Qd4 Rxe6 28. Qxc3 Nb7 29. b4 d5 30. Bb3 Nbd6 31. Bxd5 Ne4 32. Bxe6 Qxe6 33.
Qc8+ Qxc8 34. Rxc8+ Kg7 35. hxg6 Kxg6 36. Kg2 Kh5 37.
Rg8 Nfd6 38. Rh1# 1-0

[Event "Early-Titled-Tuesday-Blitz-January-23-2024"]
[Site "Chess.com"]
[Date "2024.01.23"]
[Round "4"]
[White "JonasEilenberg"]
[Black "WhiteKnight2612"]
[Result "0-1"]
[WhiteElo "2567"]
[BlackElo "2864"]
[TimeControl "180+1"]
[EndTime "8:38:24 PST"]
[Termination "WhiteKnight2612 won by resignation"]

1. d4 Nf6 2. Bf4 g6 3. Nf3 Bg7 4. e3 O-O 5. Be2 c5 6. O-O Qb6 7. Nbd2 Qxb2 8. Nc4 Qb5 9. Nfe5 d5 10. Nd6 Qa5 11. Nxc8 Rxc8 12. Rb1 b6 13. c4 cxd4 14.
exd4 Nc6 15. cxd5 Nxd5 16. Rb5 Nc3 17. Rxa5 Nxd1 18. Nxc6 Rxc6 19. Ra3 Rc3 20. Rb3 Rxb3 21. axb3 Nc3 22. Bf3 Rd8 23. Be5 f6 24. Bc7 Rxd4 25.
Bb8 a5 26. Bc7 Rb4 27. Bd8 f5 28. Bxe7 Rxb3 29. h4 a4 30. h5 a3 31. Ra1 Bf8 32.
Bf6 Kf7 33. Bd4 Bc5 34. Be5 Ke6 35. Bg7 Rb1+ 36. Rxb1 Nxb1 37. h6 Bd6 38. Bd1 Nd2 39.
Bc3 Bf4 40. Bb3+ Nxb3 0-1

[Event "Early-Titled-Tuesday-Blitz-January-23-2024"]
[Site "Chess.com"]
[Date "2024.01.23"]
[Round "4"]
[White "Kostukov_Alex"]
[Black "Zq1"]
[Result "0-1"]
[WhiteElo "2298"]
[BlackElo "2523"]
[TimeControl "180+1"]
[EndTime "8:38:24 PST"]
[Termination "Zq1 won on time"]

1. g3 d5 2. Bg2 c6 3. d3 Nf6 4. e4 dxe4 5. dxe4 Qxd1+ 6. Kxd1 e5 7. f3 Bc5 8. Nd2 O-O 9. a4 a5 10. c3 Na6 11. Ke2 b6 12. Nc4 Nd7 13. Bh3 Nab8 14.
Ne3 Ba6+ 15. Kd2 Be7 16. Bf1 g6 17. Bxa6 Nxa6 18. Nc4 Nac5 19. Kc2 Nxa4 20. Nxe5 Nxe5 21. Rxa4 b5 22. Ra1 a4 23. Bf4 Nc4 24. Ne2 Rfd8 25.
Rhd1 g5 26. Rxd8+ Rxd8 27. Bc1 c5 28. b3 axb3+ 29. Kxb3 Rd3 30. f4 g4 31. Kc2 Rf3 32. Ra7 Kg7 33. f5 Bf6 34. Bf4 Rf2 35. Kd3 Ne5+ 36. Ke3 Rf3+ 37. Kd2 Nc4+ 38. Kc2 Rf2 0-1

[Event "Early-Titled-Tuesday-Blitz-January-23-2024"]
[Site "Chess.com"]
[Date "2024.01.23"]
[Round "4"]
[White "Larina_Maria"]
[Black "Licancabur"]
[Result "1/2-1/2"]
[WhiteElo "2192"]
[BlackElo "2481"]
[TimeControl "180+1"]
[EndTime "8:38:24 PST"]
[Termination "Game drawn by repetition"]

1. e4 Nf6 2. Nc3 e5 3. Nf3 Nc6 4. Bb5 Bb4 5. O-O O-O 6. d3 Bxc3 7. bxc3 d6 8. Nd2 Ne7 9. d4 Ng6 10. dxe5 Nxe5 11. f4 Neg4 12. Qf3 c6 13. Bd3 Qb6+ 14. Kh1 Ne3 15. Rb1 Nxf1 16. Rxb6 Nxd2 17. Bxd2 axb6 18.
Bc4 b5 19. Bb3 Be6 20. h3 Rfe8 21. e5 dxe5 22. fxe5 Nd7 23. Qg3 Bxb3 24. Bh6 g6 25. axb3 Rxe5 26. Qd3 Nc5 27. Qd4 Rae8 28. b4 Ne4 29.
Kh2 g5 30. h4 f6 31. hxg5 fxg5 32. Qd7 R5e7 33. Qf5 Rf7 34. Qg4 Rfe7 35. Qf5 Rf7 36. Qg4 Rfe7 37. Qf5 1/2-1/2

[Event "Early-Titled-Tuesday-Blitz-January-23-2024"]
[Site "Chess.com"]
[Date "2024.01.23"]
[Round "4"]
[White "Seochesspie"]
[Black "ChainedDowntohell"]
[Result "1-0"]
[WhiteElo "2807"]
[BlackElo "2559"]
[TimeControl "180+1"]
[EndTime "8:38:25 PST"]
[Termination "Seochesspie won on time"]

1. Nf3 d5 2. e3 Nf6 3. b3 a5 4.
c4 e6 5. Bb2 a4 6. bxa4 Bd7 7. Nc3 Bb4 8. Qb3 Na6 9. cxd5 Bxc3 10.
Bxc3 Nc5 11. Qb4 Qe7 12. dxe6 Bxe6 13. a5 Nd5 14. Qd4 Nxc3 15. Qxc3 O-O 16. Be2 Na4 17. Qc2 Rxa5 18. O-O Rfa8 19. Nd4 Nc5 20. Nxe6 Qxe6 21. Bc4 Qe7 22. d4 Ne4 23. Bd3 Ng5 24. Rfc1 c6 25. h4 Ne6 26. g3 h6 27. a4 g5 28. hxg5 Rxg5 29. Bc4 Ng7 30. Bf1 Nf5 31. Bg2 Qd6 32. Qe4 Kf8 33. Qf4 Qe7 34. Rc5 Nd6 35. a5 Kg7 36. Re5 1-0

[Event "Early-Titled-Tuesday-Blitz-January-23-2024"]
[Site "Chess.com"]
[Date "2024.01.23"]
[Round "4"]
[White "Zheenbekov86"]
[Black "HamedWafa4"]
[Result "0-1"]
[WhiteElo "2511"]
[BlackElo "2717"]
[TimeControl "180+1"]
[EndTime "8:38:25 PST"]
[Termination "HamedWafa4 won on time"]

1. d4 g6 2. Nf3 Bg7 3. c4 d6 4. g3 Nf6 5. Bg2 O-O 6. O-O Bf5 7. Nc3 Ne4 8. Qb3 Nxc3 9. bxc3 Be4 10. a4 c5 11. a5 Nc6 12. a6 b6 13. e3 Na5 14. Qa4 Rc8 15. Nd2 Bd3 16. h4 Bxf1 17. Bxf1 e5 18. d5 f5 19. e4 f4 20. Bh3 Rc7 21.
Nf1 Kh8 22. Nh2 Rcf7 23. Be6 fxg3 24. fxg3 Rf2 25. Ra2 Qf6 26. Bg5 Rf1+ 27. Nxf1 Qxf1+ 28. Kh2 Nxc4 29. Qd7 h5 30. Rg2 b5 31. Qxa7 b4 32. cxb4 cxb4 33. Qb7 b3 34. a7 b2 35. a8=Q b1=Q 36. Qxb1 Qxb1 0-1

[Event "Early-Titled-Tuesday-Blitz-January-23-2024"]
[Site "Chess.com"]
[Date "2024.01.23"]
[Round "4"]
[White "BasilSmash"]
[Black "Better_Chess_Faster"]
[Result "1-0"]
[WhiteElo "2544"]
[BlackElo "2115"]
[TimeControl "180+1"]
[EndTime "8:38:25 PST"]
[Termination "BasilSmash won on time"]

1. e4 Nf6 2. e5 Nd5 3. d4 d6 4. c4 Nb6 5. exd6 cxd6 6. Nc3 g6 7. Be3 Bg7 8. Rc1 O-O 9. b3 Bf5 10. d5 e6 11. g4 exd5 12. gxf5 dxc4 13. bxc4 Nc6 14.
Nf3 Re8 15. fxg6 hxg6 16. Be2 Qd7 17. O-O Nxc4 18. Bxc4 Qg4+ 19. Kh1 Qxc4 20. Nd5 Qe4 21. Rxc6 bxc6 22. Nc7 d5 23. Nxa8 Rxa8 24. h3 d4 25. Bd2 c5 26. Kg2 c4 27. Re1 Qd5 28. Qe2 c3 29. Bf4 d3 30. Qe4 Qxe4 31. Rxe4 d2 32. Nxd2 cxd2 33. Bxd2 Rd8 34. Be3 Rd7 35. Ra4 Be5 36.
Rxa7 Rd5 37. a4 Bd4 38. Re7 Bxe3 39. Rxe3 Rd2 40. Ra3 Rd6 41. a5 Ra6 42. Kf3 Kg7 43. Ke4 Kf6 44. Kd5 Kf5 45. Kc5 Kf4 46. Kb5 Ra8 47.
a6 f5 48. Kb6 g5 49. a7 g4 50. hxg4 fxg4 51. Kb7 Rh8 52. a8=Q Rxa8 53. Kxa8 Ke4 54. Kb7 1-0

[Event "Early-Titled-Tuesday-Blitz-January-23-2024"]
[Site "Chess.com"]
[Date "2024.01.23"]
[Round "4"]
[White "pfalcon1949"]
[Black "esrosenberg"]
[Result "0-1"]
[WhiteElo "2013"]
[BlackElo "2350"]
[TimeControl "180+1"]
[EndTime "8:38:25 PST"]
[Termination "esrosenberg won on time"]

1. e4 g6 2. d4 Bg7 3. Nc3 d5 4. e5 f6 5. f4 a6 6. h4 c5 7. h5 cxd4 8. hxg6 hxg6 9. Rxh8 Bxh8 10. Qxd4 e6 11. Be3 Nc6 12. Qa4 fxe5 13. fxe5 Bxe5 14.
O-O-O Bd7 15. Nf3 Bxc3 16. bxc3 Qf6 17. Qb3 Na5 18. Qa3 Nc6 19. Bd3 Nge7 20. Nd4 e5 21. Nxc6 Qxc6 22. Bg5 Ng8 23. Re1 e4 24. c4 Rc8 25.
cxd5 Qc5 26. Qxc5 Rxc5 27. Bxe4 Kf8 28. Kd2 Ne7 29. Bxe7+ Kxe7 30. Bxg6+ Kf6 31. Be4 Bg4 0-1

[Event "Early-Titled-Tuesday-Blitz-January-23-2024"]
[Site "Chess.com"]
[Date "2024.01.23"]
[Round "4"]
[White "FMCarmona"]
[Black "Der_Balak_3Halak"]
[Result "0-1"]
[WhiteElo "2148"]
[BlackElo "2321"]
[TimeControl "180+1"]
[EndTime "8:38:25 PST"]
[Termination "Der_Balak_3Halak won by resignation"]

1. e4 e5 2. Nf3 Nc6 3. Bb5 Bc5 4. c3 Nf6 5. O-O O-O 6. d4 exd4 7. cxd4 Bb6 8. d5 Ne7 9. Nc3 c6 10. Bc4 cxd5 11. exd5 h6 12. d6 Nf5 13. Nd5 Nxd6 14. Nxb6 Qxb6 15. Be3 Qc7 16. Bb3 Nf5 17. Rc1 Qb8 18.
Bc5 d6 19. Ba3 b5 20. Bb4 a5 21. Bc3 Ne4 22. Re1 Bb7 23. Bd5 Nxc3 24. Rxc3 b4 25. Rd3 Bxd5 26. Rxd5 Qc8 27. Rxd6 Nxd6 28. Qxd6 Re8 29.
Rd1 Rd8 30. Qxd8+ Qxd8 31. Rxd8+ Rxd8 32. Kf1 Rd1+ 33. Ke2 Rb1 0-1

[Event "Early-Titled-Tuesday-Blitz-January-23-2024"]
[Site "Chess.com"]
[Date "2024.01.23"]
[Round "4"]
[White "ViratKohl_i"]
[Black "Kunalm64"]
[Result "1-0"]
[WhiteElo "2598"]
[BlackElo "2367"]
[TimeControl "180+1"]
[EndTime "8:38:26 PST"]
[Termination "ViratKohl_i won by resignation"]

1. Nf3 Nf6 2. Rg1 d5 3. h3 h5 4.
b3 c5 5. Bb2 Nc6 6. e3 Bf5 7.
Bb5 Bd7 8. Bxc6 Bxc6 9. Ne5 Qc7 10. d3 e6 11. Nd2 Bd6 12. f4 d4 13. exd4 cxd4 14.
Ndc4 Bb4+ 15. Kf2 Nd5 16. g3 Bc5 17. Qf3 Nb4 18. Nxc6 Qxc6 19. Qxc6+ Nxc6 20. Rge1 b5 21. Ne5 Nxe5 22. Rxe5 Rc8 23. a4 Bd6 24. Re2 h4 25. Bxd4 hxg3+ 26. Kxg3 Rh5 27. axb5 Rxb5 28. Rxa7 Rf5 29.
Be5 Be7 30. Bxg7 Bc5 31. Rb7 Bd6 32. Be5 Be7 33. Kg4 Bd8 34. h4 Rc5 35. h5 f6 36.
Bd6 Rxh5 37. Rxe6+ 1-0

[Event "Early-Titled-Tuesday-Blitz-January-23-2024"]
[Site "Chess.com"]
[Date "2024.01.23"]
[Round "4"]
[White "I_am_Javi"]
[Black "GulenayAydin"]
[Result "1-0"]
[WhiteElo "2785"]
[BlackElo "2555"]
[TimeControl "180+1"]
[EndTime "8:38:27 PST"]
[Termination "I_am_Javi won by checkmate"]

1. e4 c5 2. Nf3 d6 3. d4 cxd4 4. Nxd4 Nf6 5. Nc3 g6 6. Bc4 Bg7 7. f3 a6 8. Be3 b5 9. Bb3 Bb7 10. Qd2 h5 11. h4 Nbd7 12. O-O-O Rc8 13. Kb1 Ne5 14. Qe2 Nc4 15. Bc1 Qa5 16. Rhe1 O-O 17. g4 hxg4 18. fxg4 Na3+ 19. bxa3 Qxc3 20. Bb2 Qg3 21.
e5 dxe5 22. Qxe5 Qxg4 23. Qxe7 Be4 24. Rg1 Qxh4 25. Rdf1 a5 26. Nf3 Bxf3 27. Rxg6 Kh8 28. Rxg7 Kxg7 29. Rg1+ Bg4 30. Bxf6+ Qxf6 31. Rxg4+ Qg6 32.
Rxg6+ Kxg6 33. c3 Kg7 34. Qg5+ Kh8 35. Qh6+ Kg8 36. Bc2 Rfe8 37. Bh7+ Kh8 38. Bg6+ Kg8 39. Qh7+ Kf8 40. Qxf7# 1-0

[Event "Early-Titled-Tuesday-Blitz-January-23-2024"]
[Site "Chess.com"]
[Date "2024.01.23"]
[Round "4"]
[White "SnekkerAndersen"]
[Black "Chessbard1972"]
[Result "0-1"]
[WhiteElo "2629"]
[BlackElo "2444"]
[TimeControl "180+1"]
[EndTime "8:38:27 PST"]
[Termination "Chessbard1972 won by resignation"]

1. d4 Nf6 2. Bf4 d5 3. e3 c5 4.
c3 Nc6 5. Nd2 Qb6 6. Qb3 c4 7. Qc2 Nh5 8. Bg5 h6 9. Bh4 g5 10. Bg3 Nxg3 11. hxg3 Bg7 12. e4 e6 13. Ngf3 Bd7 14. Be2 O-O-O 15. b3 cxb3 16. axb3 Kb8 17.
e5 Rc8 18. Qb2 f6 19. exf6 Bxf6 20. g4 e5 21. Nxe5 Nxe5 22. dxe5 Bxe5 23. Rc1 Bb5 24.
Nf3 Bf4 25. O-O Bxc1 26. Rxc1 Bxe2 27. Qxe2 Qxb3 28. Nd4 Qa3 29. Rb1 Qxc3 30. Qe5+ Qc7 31. Qxd5 Rhd8 32. Qe4 Re8 33. Ne6 Qc6 34. Qe5+ Ka8 35.
Re1 Re7 36. Qf6 Rce8 37. Rd1 Qxe6 38. Qd4 a6 39. g3 Qe4 40. Qd6 Qxg4 41. Rb1 Re1+ 42.
Rxe1 Rxe1+ 43. Kg2 Qe4+ 44. f3 Re2+ 45. Kh3 Qf5+ 46.
g4 Qxf3+ 47. Qg3 Qxg3+ 48. Kxg3 Re3+ 0-1

[Event "Early-Titled-Tuesday-Blitz-January-23-2024"]
[Site "Chess.com"]
[Date "2024.01.23"]
[Round "4"]
[White "VomDingJetztHer"]
[Black "leepday"]
[Result "1-0"]
[WhiteElo "2385"]
[BlackElo "2154"]
[TimeControl "180+1"]
[EndTime "8:38:28 PST"]
[Termination "VomDingJetztHer won by resignation"]

1. a3 c5 2. e3 Nc6 3. d4 d5 4.
dxc5 e5 5. b4 a5 6. b5 Nb8 7. c4 d4 8. exd4 exd4 9. Bb2 Bxc5 10. Bd3 Nf6 11. Nf3 Bg4 12. Nbd2 O-O 13. O-O Nbd7 14.
h3 Bh5 15. Qc2 Nb6 16. Nb3 Rc8 17. Nfxd4 a4 18. Nxc5 Rxc5 19. Ne2 Nbd5 20. Ng3 Nf4 21. Bxf6 Qxf6 22. Bxh7+ Kh8 23. Ne4 Qh4 24. Nxc5 Nxh3+ 25. gxh3 Bf3 26. Qf5 Bh5 27. Rae1 g6 28. Qe4 Qxh3 29. Qg2 Qc8 30. Nxb7 Kxh7 31. Nd6 Qd7 32. c5 Rd8 33. b6 Rb8 34. b7 Bg4 35. Re3 Be6 36. Rfe1 Kg7 37.
Qg5 Rh8 38. Qe5+ Kh7 39. Ne4 Kg8 40. Nf6+ 1-0

[Event "Early-Titled-Tuesday-Blitz-January-23-2024"]
[Site "Chess.com"]
[Date "2024.01.23"]
[Round "4"]
[White "Hovik_Hayrapetyan"]
[Black "LyonBeast"]
[Result "0-1"]
[WhiteElo "2839"]
[BlackElo "3155"]
[TimeControl "180+1"]
[EndTime "8:38:29 PST"]
[Termination "LyonBeast won on time"]

1. d4 Nf6 2. c4 g6 3. Nc3 d5 4.
cxd5 Nxd5 5. e4 Nxc3 6. bxc3 Bg7 7. Nf3 c5 8. Rb1 O-O 9. Be2 b6 10. O-O Nd7 11. Bf4 Nf6 12. Bd3 Bb7 13. Qe2 Rc8 14. Rfd1 cxd4 15. cxd4 Rc3 16. d5 Nd7 17. Bb5 Nc5 18. Be5 Bxe5 19. Nxe5 Qd6 20. Nd3 Nxd3 21.
Bxd3 Rfc8 22. Rb2 Qe5 23. Rbd2 h5 24. h4 R8c5 25. g3 Bc8 26. Kg2 Bg4 27. f3 Bd7 28. Qf2 Bb5 29. f4 Qc7 30. Bxb5 Rxb5 31. e5 Qd7 32. d6 exd6 33. exd6 Rbc5 34. Re1 Rc8 35.
Re7 Qc6+ 36. Kh2 Rc1 37. Qg2 Qb5 38. d7 Rd8 39. Qe2 Qxe2+ 40. Rdxe2 Kg7 41. Rd2 Rc7 42. f5 Kf6 43. Re3 Rcxd7 44. Rxd7 Rxd7 45. fxg6 fxg6 46. Ra3 Ke5 47. Kh3 Kd4 48. Rf3 Rd6 49. g4 Ke4 50. Rg3 Rd3 51. Rxd3 Kxd3 52. gxh5 gxh5 53. Kg3 Ke3 0-1

[Event "Early-Titled-Tuesday-Blitz-January-23-2024"]
[Site "Chess.com"]
[Date "2024.01.23"]
[Round "4"]
[White "DTChess"]
[Black "Akylbek2021"]
[Result "1-0"]
[WhiteElo "2628"]
[BlackElo "2257"]
[TimeControl "180+1"]
[EndTime "8:38:32 PST"]
[Termination "DTChess won by resignation"]

1. e4 e5 2. Nf3 Nc6 3. Bc4 Bc5 4. b4 Bxb4 5. c3 Ba5 6. d4 exd4 7. O-O Nf6 8. cxd4 d5 9. exd5 Nxd5 10. Ba3 Be6 11. Qa4 Bb6 12. Re1 Qd7 13. Bb5 O-O-O 14. Ne5 Nxe5 15. Bxd7+ Nxd7 16. Bb2 Kb8 17. Nc3 N7f6 18. Rac1 Nxc3 19. Bxc3 Nd5 20. Bb2 Nf4 21. Re3 h5 22. Qd1 h4 23. h3 Rh5 24. Qf3 g5 25. Rxe6 fxe6 26. a4 a5 27. Bc3 Rh7 28. Re1 Rhd7 29. Re4 Bxd4 30. Bxd4 Rxd4 31. Rxd4 Rxd4 32. Qg4 Rd5 33. Qf3 c5 34. Qb3 Kc7 35. Qb5 b6 36. Qe8 c4 37. Qe7+ Kc6 38. g3 hxg3 39. fxg3 Nxh3+ 40.
Kg2 g4 41. Qxe6+ Rd6 42. Qxc4+ Kb7 43. Qxg4 Rd2+ 44. Kxh3 Rd4 45. Qxd4 1-0

[Event "Early-Titled-Tuesday-Blitz-January-23-2024"]
[Site "Chess.com"]
[Date "2024.01.23"]
[Round "4"]
[White "Alen_Yeremyann"]
[Black "ImportedItalianMaple"]
[Result "0-1"]
[WhiteElo "2770"]
[BlackElo "2460"]
[TimeControl "180+1"]
[EndTime "8:38:32 PST"]
[Termination "ImportedItalianMaple won by resignation"]

1. e4 g6 2. d4 Bg7 3. Nc3 d5 4. exd5 Nf6 5. Bc4 Nbd7 6. Bb3 Nb6 7. Qf3 a5 8. a4 O-O 9. h3 e6 10. dxe6 Bxe6 11. Bxe6 Re8 12. Nge2 Rxe6 13. O-O c6 14. Be3 Nc4 15. Nf4 Re8 16. Nd3 Nd5 17. Nxd5 cxd5 18. b3 Nxe3 19. fxe3 Re7 20. Nf4 Rd7 21. c4 dxc4 22. bxc4 Rc8 23. c5 b6 24. cxb6 Qxb6 25.
Rab1 Qd6 26. Kh1 Qa3 27. Rb7 Rxb7 28. Qxb7 Rf8 29. Nd5 Qxa4 30. Ne7+ Kh8 31. d5 Qe4 32. Qd7 Rb8 33. Nc6 Rg8 34. Qxf7 Qxe3 35. Ne7 Rf8 36.
Nf5 gxf5 37. Qd7 Be5 38. Qe7 Rg8 39. Qh4 Qe2 40. Rg1 Qe4 41. d6 Qxh4 0-1

[Event "Early-Titled-Tuesday-Blitz-January-23-2024"]
[Site "Chess.com"]
[Date "2024.01.23"]
[Round "4"]
[White "FMVolodymyrSakun"]
[Black "dirk_da_player"]
[Result "0-1"]
[WhiteElo "2545"]
[BlackElo "2376"]
[TimeControl "180+1"]
[EndTime "8:38:32 PST"]
[Termination "dirk_da_player won by checkmate"]

1. e4 e5 2. Nf3 d6 3. d4 exd4 4. Nxd4 Nf6 5. Nc3 Be7 6. h3 O-O 7. Be2 d5 8. exd5 Nxd5 9. Ne4 c5 10. Nf3 Bf5 11. Ng3 Bg6 12. c3 Nc6 13. O-O Qd7 14. Re1 Rad8 15. Bb5 Qc7 16. Qa4 Bd6 17. Bxc6 bxc6 18.
Ne4 Rfe8 19. Bg5 f6 20. Nxd6 Qxd6 21. Bh4 Qd7 22. Qc4 Kh8 23. Qxc5 Nf4 24. Rxe8+ Rxe8 25. Bg3 Ne2+ 26. Kh2 Be4 27. Nd4 Nxg3 28. fxg3 h6 29. Re1 Re5 30. Qf8+ Kh7 31. Qb8 c5 32. Nb3 Qd5 33.
Re2 Qd1 34. Rxe4 Rxe4 35. Nxc5 Re1 36. g4 Rh1+ 37. Kg3 Qe1+ 38. Kf4 Rf1# 0-1

[Event "Early-Titled-Tuesday-Blitz-January-23-2024"]
[Site "Chess.com"]
[Date "2024.01.23"]
[Round "4"]
[White "MikaelyanArman"]
[Black "MITerryble"]
[Result "0-1"]
[WhiteElo "2838"]
[BlackElo "3011"]
[TimeControl "180+1"]
[EndTime "8:38:33 PST"]
[Termination "MITerryble won on time"]

1. d4 e6 2. c4 Bb4+ 3. Bd2 Bxd2+ 4. Qxd2 Nf6 5. Nf3 d6 6. g3 O-O 7. Bg2 Qe7 8. O-O e5 9. Nc3 Re8 10. e4 Bg4 11. Nd5 Qd8 12. dxe5 dxe5 13. Rfe1 Bxf3 14. Bxf3 Nc6 15. Bg2 Nd4 16. Rad1 c6 17. Nc3 Qa5 18. h3 Rad8 19. Qc1 Rd7 20. f4 Red8 21. Kh2 h6 22. fxe5 Qxe5 23. Qf4 Qxf4 24. gxf4 Nh5 25. Rf1 Ne6 26. Rxd7 Rxd7 27. f5 Nc5 28. e5 Rd2 29.
b4 Nd3 30. Ne4 Re2 31. e6 Kf8 32. Kg1 Nhf4 33. Bf3 Nxh3+ 34. Kh1 Rxe4 35. Bxe4 Nhf2+ 36. Kg2 Nxe4 37. Rd1 Nef2 38. Rd2 fxe6 39. fxe6 Ke7 40.
Kf3 Kxe6 41. b5 Kd6 42. bxc6 Kxc6 43. Re2 Kd7 44. Re3 g5 0-1

[Event "Early-Titled-Tuesday-Blitz-January-23-2024"]
[Site "Chess.com"]
[Date "2024.01.23"]
[Round "4"]
[White "Huragan007"]
[Black "vasblesk"]
[Result "0-1"]
[WhiteElo "2546"]
[BlackElo "2777"]
[TimeControl "180+1"]
[EndTime "8:38:33 PST"]
[Termination "vasblesk won by resignation"]

1. e4 c5 2. b3 e5 3. Bb2 d6 4. Bc4 Nf6 5. Nc3 Nc6 6. Nge2 Be7 7. O-O O-O 8. f4 Bg4 9. f5 Nd4 10. h3 Bxe2 11. Bxe2 Nxe2+ 12. Qxe2 h5 13. g4 hxg4 14. hxg4 Nh7 15. Nd5 Bg5 16. Kg2 Nf6 17. Rh1 Nxd5 18. exd5 f6 19. Rh5 Kf7 20. Rah1 Qd7 21. Rh7 Rg8 22.
Qf3 Bxd2 23. Qh3 Raf8 24. Qh5+ Ke7 25. Qg6 Kd8 26. Kf3 e4+ 27. Ke2 Bg5 28. R1h5 Bf4 29. c4 b5 30. Rh3 bxc4 31. bxc4 Qa4 32. Rc3 Qxa2 33. Rc2 Qb3 34. Bxf6+ Rxf6 35. Rxg7 Qxc2+ 36. Kf1 Rxg6 0-1

[Event "Early-Titled-Tuesday-Blitz-January-23-2024"]
[Site "Chess.com"]
[Date "2024.01.23"]
[Round "4"]
[White "KanalSzachowy"]
[Black "Maxfan2008"]
[Result "0-1"]
[WhiteElo "2339"]
[BlackElo "2530"]
[TimeControl "180+1"]
[EndTime "8:38:33 PST"]
[Termination "Maxfan2008 won on time"]

1. e4 c5 2. Nc3 Nc6 3. Bb5 Nd4 4. Nf3 Nxb5 5. Nxb5 a6 6. Nc3 e6 7. d4 cxd4 8. Qxd4 Qc7 9. Be3 d6 10. O-O-O Nf6 11. e5 dxe5 12. Nxe5 Be7 13. Bf4 Qc5 14. Qd2 O-O 15. Nd3 Qa5 16. f3 b5 17. Kb1 b4 18.
Ne4 Nxe4 19. fxe4 Bb7 20. e5 Rac8 21. Qf2 Bd5 22. b3 Rc7 23. Qg3 Rfc8 24. Rd2 Be4 25.
Rc1 Qa3 26. Rf2 Bf8 27. Be3 Bxd3 28. Qf3 Bg6 29. h4 h5 30. g4 hxg4 31. Qxg4 Rc3 32. h5 Rxb3+ 33. axb3 Qxb3+ 34. Ka1 Qa3+ 35. Kb1 b3 0-1

[Event "Early-Titled-Tuesday-Blitz-January-23-2024"]
[Site "Chess.com"]
[Date "2024.01.23"]
[Round "4"]
[White "N4700000"]
[Black "WiktoriaPOL"]
[Result "1-0"]
[WhiteElo "2405"]
[BlackElo "2238"]
[TimeControl "180+1"]
[EndTime "8:38:34 PST"]
[Termination "N4700000 won on time"]

1. e4 c5 2. Nf3 d6 3. Bb5+ Nd7 4. a4 Nf6 5. Nc3 g6 6. O-O Bg7 7. a5 a6 8. Bc4 O-O 9. d3 Ng4 10. Bb3 Nge5 11. Nd2 Nc6 12. Nc4 Nde5 13. Nxe5 Bxe5 14. Bh6 Bg7 15. Bxg7 Kxg7 16. f4 Nxa5 17.
Ba2 Nc6 18. f5 b5 19. Nd5 Ne5 20. Qe1 f6 21. h4 e6 22. Ne3 Re8 23. Qg3 exf5 24.
exf5 Bb7 25. Bd5 Qe7 26. Rae1 Bxd5 27. Nxd5 Qf7 28. Nf4 Kh8 29. fxg6 hxg6 30. h5 g5 31. Nh3 Qxh5 32. Rxf6 Rg8 33. Rxd6 Ng4 34. Re4 Nh6 35.
Ree6 1-0